 Dungeon Sprint DCSS version 0.31-a0-182-gc5ef74bbde (webtiles) character file.

Game seed: 14669778461872461096

3754 rocky1 the Fencer (level 10, -3/85 HPs)
             Began as a Merfolk Gladiator on June 21, 2023.
             Was an Initiate of Gozag.
             Slain by a large slime creature (20 damage)
             ... in the Dungeon (Sprint VII: "The Pits").
             The game lasted 00:07:20 (2360 turns).

rocky1 the Fencer (Merfolk Gladiator)               Turns: 2360, Time: 00:07:20

Health: -3/85      AC: 27    Str: 15    XL:     10   Next: 15%
Magic:  10/10      EV:  9    Int: 13    God:    Gozag
Gold:   696        SH:  0    Dex: 20    Spells: 9/9 levels left

rFire   + . .        o - +2 long sword (flame)
rCold   + . .        (no shield)
rNeg    . . .        p - +8 plate armour of Follow the Leader {rF+ rC+}
rPois   .            c - +0 helmet
rElec   .            t - +0 cloak
rCorr   .            b - +0 pair of gloves {Stlth+}
SInv    .            (no boots)
Will    .....        (no amulet) Stlth
                     q - +3 ring of intelligence
HPRegen 0.34/turn    r - +3 ring of intelligence
MPRegen 0.12/turn

%: no teleportation
@: no status effects
A: (nimble swimmer 2), mertail
a: Renounce Religion, Potion Petition, Call Merchant, Bribe Branch


You were in the Dungeon.
You worshipped Gozag.
Gozag was pleased with you.
You visited 1 branch You collected 2574 gold pieces.
You spent 887 gold pieces at shops.
You paid 991 gold pieces to Gozag.

Inventory:

Hand Weapons
 a - a +2 heavy scimitar
 o - a +2 long sword of flaming (weapon)
Missiles
 d - 3 throwing nets
 e - a javelin (quivered)
Armour
 b - a +0 pair of gloves of stealth (worn)
 c - a +0 helmet (worn)
 p - the +8 plate armour of Follow the Leader (worn) {rF+ rC+}
   (You bought it in a shop in the Dungeon)

   rF:        It protects you from fire.
   rC:        It protects you from cold.
 t - a +0 cloak (worn)
 u - a +5 ring mail
Jewellery
 q - a +3 ring of intelligence (left hand)
 r - a +3 ring of intelligence (right hand)
Scrolls
 m - 5 scrolls of amnesia
 n - a scroll of summoning
Potions
 f - 7 potions of curing
 g - a potion of heal wounds
 h - a potion of haste
 i - 4 potions of magic
 j - 2 potions of berserk rage
 k - a potion of degeneration {unknown}
 s - 4 potions of mutation


   Skills:
 + Level 10.0 Fighting
 + Level 17.2 Long Blades
 + Level 2.7 Throwing
 * Level 10.6 Armour
 + Level 10.2 Dodging
 - Level 4.2 Stealth


You had 9 spell levels left.
You didn't know any spells.
Your spell library was empty.

Dungeon Overview and Level Annotations

Branches:
Dungeon (1/1)

Altars:
Ashenzari
Cheibriados
Dithmenos
Elyvilon
Fedhas
Gozag
Hepliaklqana
Kikubaaqudgha
Makhleb
Nemelex Xobeh
Okawaru
Qazlal
Ru
Sif Muna
Trog
Uskayaw
Vehumet
Wu Jian
Xom
Yredelemnul
Zin
The Shining One
Jiyva
Lugonu

Shops:
D [


Innate Abilities, Weirdness & Mutations

((You are very nimble when in or above water. (Stealth+, EV+, Speed+++)))
Your lower body shifts to a powerful aquatic tail in water.


Message History

The large slime creature hits you!
The slime creature hits you but does no damage.
You barely miss the slime creature.
The slime creature is severely wounded.
The large slime creature hits you. The slime creature barely misses you.
You hit the slime creature but do no damage.
The slime creature is severely wounded.
The large slime creature hits you but does no damage.
You barely miss the slime creature.
The slime creature is severely wounded.
The slime creature hits you but does no damage.
You hit the slime creature. You burn the slime creature.
The slime creature is almost dead.
The large slime creature hits you!! The slime creature hits you!
You completely miss the slime creature.
The slime creature is severely wounded.
The large slime creature hits you but does no damage.
You hit the slime creature. You burn the slime creature.
The slime creature is almost dead.
The slime creature hits you but does no damage.
You slash the slime creature! You burn the slime creature.
You kill the slime creature!
The large slime creature hits you!
* * * LOW HITPOINT WARNING * * *
Your Fighting skill increases to level 10!
Unknown command.
You see here a +0 mace.
The frilled lizard unfolds its giant frill.
The large slime creature attacks as you move away!
The large slime creature barely misses you.
There is an open door, spattered with blood here.
The frilled lizard is distracted by your dazzling golden aura.
The large slime creature attacks as you move away!
The large slime creature hits you!
* * * LOW HITPOINT WARNING * * *
The frilled lizard is no longer distracted by gold.
The large slime creature attacks as you move away!
The large slime creature hits you!!
You die...
Your body crumbles into a pile of gold.

####'##..)))...........#
)))'.##....).#..#......#
####.##................+
.....))...∩............+
#'#####......#..#......#
..#..##................#
..)..#####'#####''######
###'###.......##''### ###
.....##.......##@...##..+
.....##.......##J..##...#
#'#####...<...##..##...#
.))[.##.......##..#...##...+
)))..##.......##..').##....
#######.......##.##l.#....Y
.##..#############...+...g
..#)########### #....#..g.
.##.#....#..[.##..#.)##..#


You could see a large slime creature and a frilled lizard.

Vanquished Creatures
  A shadow wraith (D)
  A phantasmal warrior (D)
  A deep elf pyromancer (D)
  Joseph (D)
  2 gargoyles (D)
  A komodo dragon (D)
  A red devil (D)
  A flying skull (D)
  A slime creature (D)
  A redback (D)
  An orc warrior (D)
  2 centaurs (D)
  A bullfrog (D)
  A quasit (D)
  A hound (D)
  An orc priest (D)
  A gnoll bouda (D)
  6 gnolls (D)
  An adder (D)
  A white imp (D)
  3 orcs (D)
  3 endoplasms (D)
  A giant cockroach (D)
  A goblin (D)
  3 hobgoblins (D)
  2 quokkas (D)
  A ball python (D)
  A ball python zombie (D)
  A bat (D)
  A frilled lizard (D)
  A giant cockroach zombie (D)
  A kobold (D)
46 creatures vanquished.

Notes
Turn   | Place    | Note
-------+----------+-------------------------------------------
     0 | D        | rocky1 the Merfolk Gladiator began the quest for the Orb.
     0 | D        | Reached XP level 1. HP: 16/16 MP: 1/1
    44 | D        | Found a bloodstained altar of Trog.
    44 | D        | Found a shimmering blue altar of Sif Muna.
    44 | D        | Found a viscous altar of Jiyva.
    44 | D        | Found a hazy altar of Hepliaklqana.
    44 | D        | Found an opulent altar of Gozag.
    45 | D        | Found a glowing golden altar of the Shining One.
    45 | D        | Found a glowing silver altar of Zin.
    45 | D        | Found a basalt altar of Yredelemnul.
    45 | D        | Found a shimmering altar of Xom.
    45 | D        | Found an ornate altar of the Wu Jian Council.
    45 | D        | Found a sacrificial altar of Ru.
    45 | D        | Found a stormy altar of Qazlal.
    45 | D        | Found an iron altar of Okawaru.
    45 | D        | Found a sparkling altar of Nemelex Xobeh.
    45 | D        | Found a burning altar of Makhleb.
    45 | D        | Found a blossoming altar of Fedhas.
    45 | D        | Found a white marble altar of Elyvilon.
    45 | D        | Found a shadowy altar of Dithmenos.
    45 | D        | Found a snail-covered altar of Cheibriados.
    47 | D        | Found a radiant altar of Vehumet.
    47 | D        | Found a corrupted altar of Lugonu.
    48 | D        | Found a hide-covered altar of Uskayaw.
    48 | D        | Found an ancient bone altar of Kikubaaqudgha.
    48 | D        | Found a broken altar of Ashenzari.
    56 | D        | Became a worshipper of Gozag Ym Sagoz the Greedy
    73 | D        | Reached skill level 4 in Long Blades
   250 | D        | Reached skill level 5 in Long Blades
   250 | D        | Reached skill level 5 in Dodging
   250 | D        | Reached XP level 2. HP: 11/23 MP: 2/2
   581 | D        | Noticed a bullfrog
   593 | D        | Killed a bullfrog
   594 | D        | Reached skill level 8 in Long Blades
   594 | D        | Reached skill level 1 in Armour
   594 | D        | Reached XP level 3. HP: 30/30 MP: 3/3
   594 | D        | Reached XP level 4. HP: 37/37 MP: 4/4
   791 | D        | Noticed a centaur
   810 | D        | Killed a centaur
   811 | D        | Reached skill level 5 in Fighting
   811 | D        | Reached skill level 10 in Long Blades
   811 | D        | Reached XP level 5. HP: 24/44 MP: 5/5
   908 | D        | Noticed a centaur
   931 | D        | Reached skill level 11 in Long Blades
   931 | D        | Reached skill level 1 in Stealth
   931 | D        | Reached XP level 6. HP: 47/51 MP: 6/6
   934 | D        | Reached skill level 12 in Long Blades
  1050 | D        | Noticed an orc warrior
  1050 | D        | Noticed a komodo dragon
  1065 | D        | Killed an orc warrior
  1066 | D        | Reached XP level 7. HP: 58/58 MP: 7/7
  1069 | D        | Killed a komodo dragon
  1070 | D        | Reached skill level 14 in Long Blades
  1225 | D        | Bought a pair of runed gloves for 187 gold pieces
  1225 | D        | Bought a twisted plate armour for 700 gold pieces
  1225 | D        | Identified the +8 plate armour of Follow the Leader {rF+
                  | rC+} (You bought it in a shop in the Dungeon)
  1348 | D        | Noticed a redback
  1348 | D        | Noticed a deep elf pyromancer
  1350 | D        | Noticed a fire elemental
  1364 | D        | Noticed a fire elemental
  1366 | D        | Noticed a fire elemental
  1370 | D        | Killed a redback
  1372 | D        | Reached XP level 8. HP: 43/67 MP: 8/8
  1396 | D        | Killed a deep elf pyromancer
  1397 | D        | Reached skill level 15 in Long Blades
  1608 | D        | Noticed a phantasmal warrior
  1624 | D        | Killed a phantasmal warrior
  1625 | D        | Reached skill level 16 in Long Blades
  1625 | D        | Reached XP level 9. HP: 45/75 MP: 9/9
  1896 | D        | Noticed a gargoyle
  1908 | D        | Killed a gargoyle
  1909 | D        | Reached skill level 10 in Dodging
  2079 | D        | Noticed a gargoyle
  2088 | D        | Killed a gargoyle
  2127 | D        | Noticed a red devil
  2127 | D        | Noticed Joseph
  2141 | D        | Killed a red devil
  2155 | D        | HP: 3/76 [something (11)]
  2161 | D        | Killed Joseph
  2162 | D        | Reached skill level 17 in Long Blades
  2173 | D        | Killed a shadow wraith
  2174 | D        | Reached skill level 10 in Armour
  2174 | D        | Reached XP level 10. HP: 32/85 MP: 10/10
  2350 | D        | Reached skill level 10 in Fighting
  2360 | D        | Slain by a large slime creature

Illustrated notes

Levels and vault maps discovered:
D:        pitsprint [storerooms_1, entrance_room_1, metal_vault_7, armoury_3,
          mini_pit_1, grid_room_1, main_hall_1, silver_pit, the_coven_1,
          the_vestibule_1, steel_vault_5, golden_pit, hallway_of_sentries,
          crystal_vault_2, iron_vault_4, final_vault]

Skill      XL: |  1  2  3  4  5  6  7  8  9 10 |
---------------+-------------------------------+-----
Long Blades    | 5 8 10 11 12 14 16 17 | 17.2
Dodging        | 5 6 7 8 9 10 | 10.2
Fighting       | 4 5 6 7 8 9 10 | 10.0
Armour         | 1 2 3 4 7 10 | 10.6
Stealth        | 1 2 4 |  4.2
Throwing       | |  2.7

Action                     |  1- 3 |  4- 6 |  7- 9 | 10-12 || total
---------------------------+-------+-------+-------+-------++-------
  Melee: Long sword        |    40 |    56 |   115 |    19 ||   230
         Punch             |       |       |     3 |     1 ||     4
  Throw: Javelin           |       |       |     1 |       ||     1
 Invoke: Call Merchant     |       |       |     1 |       ||     1
         Potion Petition   |       |       |     1 |       ||     1
    Use: Potion            |       |     3 |     9 |       ||    12
         Scroll            |       |       |     1 |       ||     1
   Stab: Distracted        |       |     1 |       |       ||     1
         Invisible         |       |     3 |     8 |       ||    11
 Armour: Leather armour    |     4 |       |       |       ||     4
         Chain mail        |     9 |    43 |     1 |       ||    53
         Plate armour      |       |       |    74 |    12 ||    86
  Dodge: Dodged            |    27 |    35 |    29 |     6 ||    97

Table legend: (Time is in decaauts)
 A = Elapsed time spent in this place.
 B = Non-inter-level travel time spent in this place.
 C = Inter-level travel time spent in this place.
 D = Time resting spent in this place.
 E = Time spent auto-exploring this place.
 F = Levels seen in this place.
 G = Mean time per level.
                   A        B        C        D        E       F      G
               +--------+--------+--------+--------+--------+-----+--------+
         Total |   2349 |   2295 |     54 |   1639 |      0 |   1 | 2349.0 |
       Dungeon |   2349 |   2295 |     54 |   1639 |      0 |   1 | 2349.0 |
               +--------+--------+--------+--------+--------+-----+--------+

Top non-repeatable levels by time:
       D: 2349 daAuts
